 Dungeon Crawl Stone Soup version 0.30-a0-394-g3e4acdb0ae (webtiles) character file.

Game seed: 18355216264116752584

209 NinjaNoafa the Changer (level 5, -9/40 HPs)
             Began as a Draconian Transmuter on Dec 6, 2022.
             Mangled by an ogre
             ... wielding a +0 giant club
              (19 damage)
             ... on level 4 of the Dungeon.
             The game lasted 00:04:05 (2740 turns).

NinjaNoafa the Changer (Draconian Transmuter)       Turns: 2740, Time: 00:04:05

Health: -9/40      AC:  7    Str: 12    XL:     5   Next: 55%
Magic:  11/11      EV: 12    Int: 16    God:
Gold:   185        SH:  0    Dex: 11    Spells: 9/12 levels left

rFire   . . .      SeeInvis .      - Unarmed
rCold   . . .      Faith    .    (no shield)
rNeg    . . .      Spirit   .    (body armour unavailable)
rPois   .          Reflect  .    (helmet currently unavailable)
rElec   .          Harm     .    (no cloak)
rCorr   .          Rampage  .    o - +1 pair of gloves
Will    .....                    (boots currently unavailable)
Stlth   +.........               (no amulet)
HPRegen 0.26/turn                (no ring)
MPRegen 0.12/turn                (no ring)

@: appendages
A: horns 2, talons 2, AC +5, unfitting armour, cold-blooded
a: End Transformation


You were on level 4 of the Dungeon.
You had temporarily grown beastly horns and talons.
You visited 1 branch of the dungeon, and saw 4 of its levels.

You collected 185 gold pieces.

Inventory:

Missiles
 b - 12 stones
 p - 2 boomerangs (quivered)
Armour
 o - a +1 pair of gloves (worn)
 q - a +0 pair of boots (melded)
Jewellery
 n - a ring of fire
Scrolls
 c - 4 scrolls of teleportation {unknown}
 d - 2 scrolls of summoning {unknown}
 g - 2 scrolls of amnesia {unknown}
 h - a scroll of poison {unknown}
 j - a scroll of butterflies {unknown}
 k - 3 scrolls of identify {unknown}
 m - a scroll of immolation {unknown}
Potions
 a - a potion of lignification
 e - 2 potions of flight {unknown}
 f - 2 potions of curing {unknown}
 i - 2 potions of magic {unknown}
 l - a potion of attraction {unknown}


   Skills:
 - Level 1.1 Fighting
 - Level 1.7 Dodging
 - Level 3.0 Unarmed Combat
 - Level 4.0 Spellcasting
 + Level 4.4 Transmutations


You had 9 spell levels left.
You knew the following spells:

 Your Spells              Type           Power      Damage    Failure   Level
a - Beastly Appendage     Tmut           34%        N/A       2%          1
b - Wereblood             Tmut           17%        N/A       4%          2

Your spell library contained the following spells:

 Spells                   Type           Power      Damage    Failure   Level
 Spider Form              Tmut/Pois      10%        N/A       21%         3
 Ice Form                 Ice/Tmut       10%        N/A       56%         4


Dungeon Overview and Level Annotations

Branches:
Dungeon (4/15)
 Temple: D:4-7

Altars:


Innate Abilities, Weirdness & Mutations

You have temporarily grown beastly horns and talons.
Your plain brown scales are hard. (AC +5)
You cannot fit into any form of body armour.
You are cold-blooded and may be slowed by cold attacks.


Message History

You throw a boomerang. The boomerang hits the ogre.
The ogre is lightly wounded.
You throw a boomerang. The boomerang hits the ogre.
The ogre is moderately wounded.
The ogre misses you.
Casting: Beastly Appendage (safe; 2% risk of failure)
Confirm with . or Enter, or press ? or * to list all spells.
You grow a pair of large bovine horns.
Your feet morph into talons.
Your +0 pair of boots melds into your body.
You closely miss the ogre.
The ogre is moderately wounded.
The ogre barely misses you.
You hit the ogre. Your kick misses the ogre.
The ogre is heavily wounded.
You barely miss the ogre. Your kick misses the ogre. You headbutt the ogre.
The ogre is heavily wounded.
The ogre hits you with a +0 giant club!
Press: ? - help, v - describe, . - travel
Here: an ogre, wielding a +0 giant club (heavily wounded)
The floor.
Unknown command.
You hit the ogre.
The ogre is severely wounded.
The ogre closely misses you.
Throw: 2 boomerangs
Press: ? - help, Q - select action, (/) - cycle Shift-Dir - straight line, f/p - ogre
Aim: an ogre, wielding a +0 giant club (severely wounded, 71% to hit)
You throw a boomerang. The boomerang barely misses the ogre.
The ogre barely misses you.
Found 11 gold pieces.
Found a scroll labelled GUOMINT PORAC.
Throw: 2 boomerangs
Press: ? - help, Q - select action, (/) - cycle Shift-Dir - straight line, f/p - ogre
Aim: an ogre, wielding a +0 giant club (severely wounded, 71% to hit)
You throw a boomerang. The boomerang barely misses the ogre.
The ogre attacks as you move away! The ogre hits you with a +0 giant club!
* * * LOW HITPOINT WARNING * * *
The ogre attacks as you move away!
The ogre hits you with a +0 giant club!!
You die...

####### .....#
#.#.#####
#####>......#
#........##.#######
#....@O...........#
#......##?..<####.#
#...$..####....#
#....?.# ##.#.#
#......# #.#.#
########
#..[.......
###...####. ###..#
#...


You could see an ogre.

Vanquished Creatures
  A necrophage (D:3)
  An orc priest (D:3)
  3 adders
  5 worms
  8 orcs (D:3)
  3 ball pythons
  3 endoplasms
  3 giant cockroaches
  5 goblins
  12 hobgoblins
  2 kobolds (D:1)
  6 quokkas
  5 bats
  3 frilled lizards
  6 rats
66 creatures vanquished.

Notes
Turn   | Place    | Note
-------+----------+-------------------------------------------
     0 | D:1      | NinjaNoafa the Draconian Transmuter began the quest for the
                  | Orb.
     0 | D:1      | Reached XP level 1. HP: 16/16 MP: 3/3
   288 | D:1      | Reached XP level 2. HP: 20/23 MP: 1/5
   890 | D:2      | Reached XP level 3. HP: 26/28 MP: 7/7
   945 | D:2      | Learned a level 2 spell: Wereblood
  1566 | D:2      | Reached XP level 4. HP: 35/35 MP: 6/8
  2234 | D:3      | Reached XP level 5. HP: 38/40 MP: 8/10
  2695 | D:4      | Noticed a water moccasin
  2717 | D:4      | Noticed an ogre
  2740 | D:4      | Mangled by an ogre

Illustrated notes

Levels and vault maps discovered:
D:1:      lemuel_arrival_room, layout_loops_ring
D:2:      layout_loops_ring, minmay_misc_feat_nine_boxes
D:3:      layout_loops_cross
D:4:      layout_basic, overflow_temple_1_default, grunt_qazlal_clouds

Skill      XL: |  1  2  3  4  5 |
---------------+----------------+-----
Transmutations | 3 4 |  4.4
Spellcasting   | 3 4 |  4.0
Fighting       | |  1.1
Dodging        | |  1.7
Unarmed Combat | |  3.0

Action                   |  1- 3 |  4- 6 || total
-------------------------+-------+-------++-------
Melee: Unarmed           |    90 |   101 ||   191
       Kick              |    19 |    26 ||    45
       Headbutt          |    13 |    20 ||    33
       Tailslap          |     9 |     6 ||    15
       Punch             |     1 |       ||     1
Throw: Boomerang         |       |     6 ||     6
 Cast: Beastly Appendage |    29 |    19 ||    48
       Wereblood         |     1 |     3 ||     4
Armor: Skin              |    21 |    30 ||    51
Dodge: Dodged            |    53 |    57 ||   110

Table legend: (Time is in decaauts)
 A = Elapsed time spent in this place.
 B = Non-inter-level travel time spent in this place.
 C = Inter-level travel time spent in this place.
 D = Time resting spent in this place.
 E = Time spent auto-exploring this place.
 F = Levels seen in this place.
 G = Mean time per level.
                   A        B        C        D        E       F      G
               +--------+--------+--------+--------+--------+-----+--------+
         Total |   2730 |   2585 |    145 |    100 |   1950 |   4 |  682.5 |
       Dungeon |   2730 |   2585 |    145 |    100 |   1950 |   4 |  682.5 |
               +--------+--------+--------+--------+--------+-----+--------+

Top non-repeatable levels by time:
     D:3: 1011 daAuts
     D:1: 867 daAuts
     D:2: 825 daAuts
     D:4: 26 daAuts
